 Dungeon Crawl Stone Soup version 0.31-a0-876-gfe8ebadbca (webtiles) character file.

Game seed: 6578139978899289510

1127 kae the Changeling (level 7, 0/49 HPs)
             Began as a Demigod Shapeshifter on Oct 13, 2023.
             Slain by a wyvern (16 damage)
             ... on level 6 of the Dungeon.
             The game lasted 00:05:04 (6541 turns).

kae the Changeling (Demigod Shapeshifter)           Turns: 6541, Time: 00:05:05

Health: 0/49       AC:  4    Str: 15    XL:     7   Next: 89%
Magic:  9/9        EV: 12    Int: 12    God:
Gold:   290        SH:  0    Dex: 21    Spells: 6/6 levels left

rFire   + .          .
                       - Unarmed
rCold   + . .        (shield currently unavailable)
rNeg    + . .        f - +1 leather armour "Viokk" {Slay+2}
rPois   .            (no helmet)
rElec   .            p - scarf {rC+ rF+}
rCorr   .            (no gloves)
SInv    .            (no boots)
Will    .....        (no amulet)
Stlth   +            L - ring of flight
HPRegen 0.28/turn    N - ring of positive energy
MPRegen 0.11/turn

%: no passive effects
@: about to teleport, flux-form, flying, glowing
A: glow, contaminating, reduced hp, high MP 1, forlorn, divine attributes
a: Begin Untransformation


You were on level 6 of the Dungeon.
You were something dangerously unstable.
You visited 2 branches of the dungeon, and saw 7 of its levels.

You collected 290 gold pieces.


Innate Abilities, Weirdness & Mutations

You are something dangerously unstable.
You glow with magical radiation, making you easy to see and hit.
Foes you strike become dangerously contaminated with magical radiation.
Your maximum health is decreased, since you lack skill for your form.
You are incapable of wielding weapons or throwing items.
You have an increased reservoir of magic. (+10% MP)
You shall have no god before yourself.
Your divine heritage dramatically boosts your attributes as you level up.


   Skills:
 - Level 0.8 Fighting
 - Level 1.7 Dodging
 * Level 6.2 Unarmed Combat
 + Level 6.7 Shapeshifting


You had 6 spell levels left.
You didn't know any spells.
Your spell library contained the following spells:

 Spells                   Type           Power      Damage    Failure   Level
 Foxfire                  Conj/Fire      0%         2x1d4     38%         1
 Necrotise                Necr           0%         1d4       38%         1
 Shock                    Conj/Air       0%         1d3       38%         1
 Summon Small Mammal      Summ           0%         N/A       38%         1
 Call Canine Familiar     Summ           0%         N/A       77%         3
 Summon Guardian Golem    Hex/Summ       0%         N/A       77%         3
 Swiftness                Air            0%         N/A       77%         3
 Vampiric Draining        Necr           0%         2d6       77%         3
 Airstrike                Air            0%         2d(0-16)  99%         4
 Agony                    Necr           0%         N/A       100%        5
 Plasma Beam              Fire/Air       0%         2x1d10    100%        6
 Starburst                Conj/Fire      0%         6d3       100%        6

Inventory:

Missiles
 j - 44 stones
 m - 12 poisoned darts
 t - 3 boomerangs
Armour
 a - a +1 animal skin
 f - the +1 leather armour "Viokk" (worn) {Slay+2}
   (You found it on level 2 of the Dungeon)

   Slay+2:    It affects your accuracy & damage with ranged weapons and melee
   (+2).
 p - a scarf of resistance (worn)
   (You found it on level 4 of the Dungeon)
Magical Staves
 r - a staff of death {!a}
   (You found it on level 5 of the Dungeon)
Jewellery
 F - a ring of fire
   (You found it on level 3 of the Dungeon)
 L - a ring of flight (left hand)
   (You found it on level 1 of the Dungeon)
 N - a ring of positive energy (right hand)
   (You found it on level 3 of the Dungeon)
Talismans
 c - a beast talisman
 d - a flux talisman (active)
Wands
 o - a wand of polymorph (13)
   (You found it on level 5 of the Dungeon)
Scrolls
 e - a scroll of poison {!r}
 g - 4 scrolls of revelation
Potions
 b - a potion of lignification {!q}
 h - 2 potions of degeneration {!q}
 i - a potion of curing {@q1}
 l - a potion of haste {@q3}
 n - a potion of might {unknown}

Dungeon Overview and Level Annotations

Branches:
Dungeon (6/15) Zot: 26327  Temple (1/1) D:6 Zot: 5920

Annotations:
Temple 2 transporters

##..........................
............................
...............#.......#....
.........§.....#.......#....
.........§.....#.......#....
.......§§§§....#.......###..
.......§§§§....+............
.......§§§l#####.......#####
.......§§§§p...#.......#
###...§§...###.######### #
#........# # #........# #
##########


You could see a wyvern (heavy contam).


Message History

You kill the water moccasin!
You feel very sick.
Your Unarmed Combat skill increases to level 6! 😨 HP[-3]
You take 3 damage, and now have 21/49 hp.
Unknown command.
You feel sick.
You feel sick.
You feel sick.
You feel sick.
You feel sick.
You feel sick.
You feel sick.
You feel sick.
You are no longer poisoned.
Key pressed, stopping explore.
You see here a +0 scale mail.
Key pressed, stopping explore.
You now have 290 gold pieces (gained 10).
An adder comes into view. 😎 HP[+28]
Your hp is fully restored (49).
An adder is nearby!
An adder is nearby!
An adder is nearby!
You closely miss the adder. The adder bites you.
You hit the adder.
The adder begins to glow.
The adder barely misses you. 😕 HP[-2]
You take 2 damage, and now have 47/49 hp.
You hit the adder.
The adder glows dangerously bright.
The adder bites you. x2
You hit the adder.
You kill the adder! 😕 HP[-4]
You take 4 damage, and now have 43/49 hp.
No target in view!
No target in view!
Unknown command.
A dart slug comes into view. 😎 HP[+6]
Your hp is fully restored (49).
A dart slug is nearby!
A dart slug is nearby!
A dart slug is nearby!
No target in view!
No target in view!
No target in view!
Found a snail-covered altar of Cheibriados.
You hit the dart slug.
The dart slug begins to glow.
You hit the dart slug.
The dart slug glows dangerously bright.
The dart slug launches a dart at you. The slug dart misses you.
You punch the dart slug!
You kill the dart slug!
Key pressed, stopping explore.
No target in view!
No target in view!
s - a scroll labelled MUVUXO YCEKLUNT A wyvern comes into view.
A wyvern is nearby!
A wyvern is nearby!
A wyvern is nearby!
Okay, then.
As you read the scroll labelled MUVUXO YCEKLUNT, it dissolves into smoke.
It was a scroll of fog.
It was a potion of ambrosia.
You are confused.
You feel invigorated.
The wyvern bites you but does no damage.
You closely miss the wyvern. The wyvern closely misses you.
Unknown command.
The wyvern barely misses you.
Unknown command.
You barely miss the wyvern. The wyvern bites you! 😮 HP[-14]
You take 14 damage, and now have 35/49 hp.
MASSIVE DAMAGE!! (PAUSE)
You feel less invigorated.
You feel less confused. The wyvern barely misses you.
The wyvern bites you. 😮 HP[-3]
You take 3 damage, and now have 32/49 hp.
Unknown command.
You hit the wyvern but do no damage.
The wyvern begins to glow.
The wyvern bites you!
* * * LOW HITPOINT WARNING * * *
😨 HP[-16]
You take 16 damage, and now have 16/49 hp.
MASSIVE DAMAGE!! (PAUSE)
You hit the wyvern.
The wyvern glows dangerously bright.
The wyvern bites you.
* * * LOW HITPOINT WARNING * * *
The wyvern bites you but does no damage. 😨 HP[-1]
You take 1 damage, and now have 15/49 hp.
Unknown command.
As you read the scroll of teleportation {@r4}, it crumbles to dust.
You feel strangely unstable.
The wyvern bites you but does no damage. 😨 HP[+1]
The wyvern bites you!
You die...

Skill      XL: |  1  2  3  4  5  6  7 |
---------------+----------------------+-----
Shapeshifting  | 3 4 5 6 |  6.7
Unarmed Combat | 3 4 6 |  6.2
Fighting       | |  0.8
Dodging        | |  1.7

Action                     |  1- 3 |  4- 6 |  7- 9 || total
---------------------------+-------+-------+-------++-------
  Melee: Unarmed           |    98 |   226 |    74 ||   398
         Punch             |     1 |       |       ||     1
    Use: Scroll            |     4 |     7 |     6 ||    17
         Potion            |       |       |     1 ||     1
 Armour: Animal skin       |    44 |       |       ||    44
         Leather armour    |    19 |   116 |    52 ||   187
         Skin              |       |       |     1 ||     1
  Dodge: Dodged            |    64 |   139 |    36 ||   239
   Form: Flux              |     1 |       |       ||     1

Levels and vault maps discovered:
D:1:      roderic_crossed_star, layout_basic
D:2:      layout_basic, dreamdust_ecumenical_altar_angels_and_demons,
          basic_altar, hangedman_decor_points, uniq_jessica
D:3:      layout_basic, makhleb_altar_promises_db, elyvilon_altar_3
D:4:      minmay_chambers_of_threes, layout_cave_pods, palyth_stone_intersect
D:5:      layout_basic
D:6:      layout_basic, kennysheep_slug_shrine, temple_fountains
Temple:   hellmonk_temple_divided_pantheon

Notes
Turn   | Place    | Note
-------+----------+-------------------------------------------
     0 | D:1      | kae the Demigod Shapeshifter began the quest for the Orb.
     0 | D:1      | Reached XP level 1. HP: 15/15 MP: 3/3
     0 | D:1      | magus.rc [v1.11.3]
    56 | D:1      | Reached skill level 3 in Shapeshifting
   214 | D:1      | Reached XP level 2. HP: 18/22 MP: 4/4
   230 | D:1      | You pick up a book of Callings and begin reading...
   230 | D:1      | You add the spells Summon Small Mammal, Call Canine
                  | Familiar and Summon Guardian Golem to your library.
   698 | D:2      | Identified the +1 leather armour "Viokk" {Slay+2}
   726 | D:2      | Reached XP level 3. HP: 21/27 MP: 5/5
   902 | D:2      | Noticed a black bear
   920 | D:2      | Killed a black bear
   921 | D:2      | Reached skill level 4 in Shapeshifting
   921 | D:2      | Reached XP level 4. HP: 12/34 MP: 6/6
  1023 | D:2      | Noticed Jessica
  1030 | D:2      | Killed Jessica
  1031 | D:2      | Reached skill level 5 in Shapeshifting
  1031 | D:2      | Reached XP level 5. HP: 28/39 MP: 7/7
  2348 | D:3      | Noticed a blizzard demon
  2351 | D:3      | Noticed an orange demon
  2351 | D:3      | Noticed an orange demon
  2462 | D:3      | You pick up a book of Necromancy and begin reading...
  2462 | D:3      | You add the spells Necrotise, Vampiric Draining and Agony
                  | to your library.
  2724 | D:3      | HP: 7/32 [gnoll/+0 flail (4)]
  3070 | D:4      | Noticed an ogre
  3074 | D:4      | HP: 6/33 [ogre/+0 giant club (25)]
  3373 | D:3      | HP: 8/34 [orc/+1 flail of holy wrath (6)]
  3829 | D:4      | Killed an ogre
  3830 | D:4      | Reached skill level 6 in Shapeshifting
  3830 | D:4      | Reached skill level 3 in Unarmed Combat
  3830 | D:4      | Reached XP level 6. HP: 14/46 MP: 8/8
  3947 | D:4      | You pick up a book of Air and begin reading...
  3947 | D:4      | You add the spells Shock, Swiftness and Airstrike to your
                  | library.
  4264 | D:4      | Reached skill level 4 in Unarmed Combat
  4431 | D:5      | Entered Level 5 of the Dungeon
  4556 | D:5      | HP: 10/41 [gnoll/+0 halberd[a gnoll bouda] (12)]
  4966 | D:5      | Reached XP level 7. HP: 39/51 MP: 9/9
  5109 | D:5      | Reached skill level 5 in Unarmed Combat
  5142 | D:5      | HP: 7/47 [gnoll bouda/+0 rapier (12)]
  5144 | D:5      | HP: 2/47 [gnoll bouda/+0 rapier (6)]
  5956 | D:6      | Found a staircase to the Ecumenical Temple.
  5970 | Temple   | Found a transporter.
  5970 | Temple   | Found a transporter.
  5970 | Temple   | Found a transporter.
  5970 | Temple   | Found a transporter.
  5970 | Temple   | Entered the Ecumenical Temple
  6100 | D:6      | You pick up a book of Fire and begin reading...
  6100 | D:6      | You add the spells Foxfire, Plasma Beam and Starburst to
                  | your library.
  6124 | D:6      | Reached skill level 6 in Unarmed Combat
  6531 | D:6      | Noticed a wyvern
  6541 | D:6      | Slain by a wyvern

Vanquished Creatures
  A water moccasin (D:6)
  2 black bears
  An ogre (D:4)
  A centaur (D:6)
  3 scorpions
  An orc priest (D:5)
  4 hounds
  A sleepcap (D:6)
  Jessica (D:2)
  An orc wizard (D:4)
  2 iguanas
  6 gnolls
  3 adders
  An ufetubus (D:5)
  4 worms
  3 dart slugs
  17 orcs
  6 ball pythons
  7 bats
  3 endoplasms
  4 giant cockroaches
  12 goblins
  13 hobgoblins
  3 kobolds
  5 quokkas
  A frilled lizard (D:1)
  7 rats
113 creatures vanquished.

Table legend:
 A = Non-vault XP
 B = Vault XP
 C = Vault XP percentage of total XP
 D = Non-vault monster count
 E = Vault monster count
 F = Vault count percentage of total count
                 A         B        C        D         E       F
            +---------+---------+-------+---------+---------+-------
      Total |    1499 |     112 |   7.0 |      99 |      14 |  12.4
            +---------+---------+-------+---------+---------+-------
        D:1 |      42 |       0 |   0.0 |      24 |       0 |   0.0
        D:2 |     174 |      37 |  17.5 |      14 |       1 |   6.7
        D:3 |     105 |       0 |   0.0 |      21 |       0 |   0.0
        D:4 |     254 |      71 |  21.8 |      18 |      12 |  40.0
        D:5 |     482 |       0 |   0.0 |      15 |       0 |   0.0
        D:6 |     442 |       4 |   0.9 |       7 |       1 |  12.5
            +---------+---------+-------+---------+---------+-------

Skill      XL: |  1  2  3  4  5  6  7 |
---------------+----------------------+-----
Shapeshifting  | 3 4 5 6 |  6.7
Unarmed Combat | 3 4 6 |  6.2
Fighting       | |  0.8
Dodging        | |  1.7

Action                     |  1- 3 |  4- 6 |  7- 9 || total
---------------------------+-------+-------+-------++-------
  Melee: Unarmed           |    98 |   226 |    74 ||   398
         Punch             |     1 |       |       ||     1
    Use: Scroll            |     4 |     7 |     6 ||    17
         Potion            |       |       |     1 ||     1
 Armour: Animal skin       |    44 |       |       ||    44
         Leather armour    |    19 |   116 |    52 ||   187
         Skin              |       |       |     1 ||     1
  Dodge: Dodged            |    64 |   139 |    36 ||   239
   Form: Flux              |     1 |       |       ||     1

Illustrated notes

Table legend:
 A = Kills in this place as a percentage of kills in the entire game.
 B = Kills by you in this place as a percentage of kills by you in the entire game.
 C = Kills by friends in this place as a percentage of kills by friends in the entire game.
 D = Other kills in this place as a percentage of other kills in the entire game.
 E = Experience gained in this place as a percentage of experience gained in the entire game.
 F = Experience gained in this place divided by the number of levels of this place that you have seen.
                   A       B       C       D       E      F
               +-------+-------+-------+-------+-------+----------------------
         Total | 100.0 | 100.0 |   N/A |   N/A | 100.0 | 230.1
       Dungeon | 100.0 | 100.0 |   N/A |   N/A | 100.0 | 268.5
               +-------+-------+-------+-------+-------+----------------------

Table legend: (Time is in decaauts)
 A = Elapsed time spent in this place.
 B = Non-inter-level travel time spent in this place.
 C = Inter-level travel time spent in this place.
 D = Time resting spent in this place.
 E = Time spent auto-exploring this place.
 F = Levels seen in this place.
 G = Mean time per level.
                   A        B        C        D        E       F      G
               +--------+--------+--------+--------+--------+-----+--------+
         Total |   6519 |   6324 |    195 |   1125 |   4227 |   7 |  931.3 |
       Dungeon |   6439 |   6244 |    195 |   1047 |   4227 |   6 | 1073.2 |
        Temple |     79 |     79 |      0 |     78 |      0 |   1 |   79.0 |
               +--------+--------+--------+--------+--------+-----+--------+

Top non-repeatable levels by time:
     D:3: 1526 daAuts
     D:4: 1365 daAuts
     D:5: 1228 daAuts
     D:2: 963 daAuts
     D:1: 684 daAuts
     D:6: 671 daAuts
  Temple: 79 daAuts
